 Dungeon Crawl Stone Soup version 0.30.0-18-gc0e69614cb (webtiles) character file.

Game seed: 2535776665693160731

18 Hades the Chopper (level 2, 21/24 HPs)
             Began as a Demonspawn Berserker on May 24, 2023.
             Was a Follower of Trog.
             Quit the game on level 1 of the Dungeon.
             The game lasted 00:02:55 (518 turns).

Hades the Chopper (Demonspawn Berserker)             Turns: 518, Time: 00:02:56

Health: 21/24      AC:  4    Str: 17    XL:     2   Next: 48%
Magic:  2/2        EV: 11    Int: 10    God:    Trog [*.....]
Gold:   78         SH:  0    Dex: 12    Spells: 1/1 levels left

rFire   . . .        a - +0 hand axe
rCold   . . .        (no shield)
rNeg    . . .        d - +1 leather armour
rPois   .            (no helmet)
rElec   .            (no cloak)
rCorr   .            (no gloves)
SInv    .            (no boots)
Will    .....        f - amulet of faith
Stlth   +            (no ring)
HPRegen 0.24/turn    (no ring)
MPRegen 0.08/turn

%: faith
@: no status effects
A: big brain 1
a: Renounce Religion, Berserk


You were on level 1 of the Dungeon.
You worshipped Trog.
Trog was aware of your devotion.
You visited 1 branch of the dungeon, and saw 1 of its levels.

You collected 78 gold pieces.

Inventory:

Hand Weapons
 a - a +0 hand axe (weapon)
 i - a +0 spear of venom
 k - a +2 short sword of speed
Armour
 b - a +0 animal skin
 d - a +1 leather armour (worn)
Jewellery
 f - an amulet of faith (around neck)
Scrolls
 e - a scroll of identify
 j - a scroll of magic mapping {unknown}
Potions
 c - a potion of magic {unknown}
 h - a potion of might {unknown}


   Skills:
 + Level 3.2 Fighting
 * Level 3.2 Axes
 + Level 1.8 Armour
 + Level 1.8 Dodging


You had one spell level left.
You didn't know any spells.
Your spell library was empty.

Dungeon Overview and Level Annotations

Branches:
Dungeon (1/15)

Altars:


Innate Abilities, Weirdness & Mutations

You have an unusually large brain. (Int +2)


Message History

The ball python grabs you. The ball python constricts you.
You closely miss the ball python. The ball python bites you.
The ball python constricts you.
You hit the ball python.
The ball python is moderately wounded.
The ball python barely misses you. The ball python constricts you.
You hit the ball python.
You kill the ball python!
Trog accepts your kill.
Things that are here:
a +0 club; a hobgoblin corpse; a goblin corpse
Found a scroll labelled WAEWEV DUSIY.
There is a stone staircase leading down here.
e - 2 scrolls labelled WAEWEV DUSIY (gained 1)
You open the door.
A ball python and a bat come into view.
The bat misses you.
You barely miss the bat. The bat barely misses you. The ball python bites you.
The ball python closely misses you.
You hit the ball python.
You kill the ball python!
Trog accepts your kill. The bat barely misses you. The bat barely misses you.
There is an open door, spattered with blood here.
You barely miss the bat. The bat barely misses you. The bat hits you.
You barely miss the bat. The bat hits you but does no damage.
The bat hits you but does no damage. The bat hits you but does no damage.
The bat barely misses you. The bat hits you but does no damage.
You hit the bat.
You kill the bat!
Trog accepts your kill.
Found a whip.
As you read the scroll labelled WAEWEV DUSIY, it crumbles to dust.
It is a scroll of identify.
g - a scroll of enchant armour
As you read the scroll of enchant armour, it crumbles to dust.
Your +0 leather armour glows green for a moment.
Are you sure you want to abandon this character and quit the game? (Confirm with "yes".)

####### #......
####### #......
#.....# #......
#.....#######......
#..........##......
#.@......#....#####
#..#########...####
+.##..§≈≈§§##..)...
###.≈≈≈§≈≈≈.#.#####
#..≈§≈≈≈..#.. ...
##...§...########
### ######### ####
##..# #≈.≈# ##..##
#.#..#
###'#####....#


There were no monsters in sight!

Vanquished Creatures
  4 ball pythons (D:1)
  3 goblins (D:1)
  2 hobgoblins (D:1)
  3 jackals (D:1)
  2 kobolds (D:1)
  A bat (D:1)
15 creatures vanquished.

Notes
Turn   | Place    | Note
-------+----------+-------------------------------------------
     0 | D:1      | Hades the Demonspawn Berserker began the quest for the Orb.
     0 | D:1      | Reached XP level 1. HP: 18/18 MP: 1/1
   434 | D:1      | Gained mutation: You have an unusually large brain. (Int
                  | +2) [demonic ancestry]
   434 | D:1      | Reached XP level 2. HP: 20/24 MP: 2/2
   518 | D:1      | Quit the game

Illustrated notes

Levels and vault maps discovered:
D:1:      shiori_arrival_elements, layout_basic

Skill      XL: |  1 |
---------------+----+-----
Axes           | 3 |  3.2
Fighting       | |  3.2
Armour         | |  1.8
Dodging        | |  1.8

Action                     || total
---------------------------++-------
  Melee: Hand axe          ||    47
         Punch             ||     1
    Use: Scroll            ||     2
 Armour: Leather armour    ||    15
  Dodge: Dodged            ||    29
